 Dungeon Sprint DCSS version 0.28-a0-863-g8cecda6153 (webtiles) character file.

Game seed: 12783440495471259880

35 emperorscorpion the Magician (level 3, -2/25 HPs)
             Began as a Djinni Air Elementalist on Nov 17, 2021.
             Slain by a sky beast (6 damage)
             ... in the Dungeon (Sprint IX: "|||||||||||||||||||||||||||||").
             The game lasted 00:01:24 (270 turns).

emperorscorpion the Magician (DjAE)                  Turns: 270, Time: 00:01:25

Health: -2/25      AC:  2    Str:  7    XL:     3   Next: 55%
Gold:   0          EV: 13    Int: 16    God:
                   SH:  0    Dex: 14

rFire   + + .      SeeInvis .   g - +1 dagger (drain)
rCold   x . .      Faith    .   (no shield)
rNeg    . . .      Spirit   .   a - +0 robe
rPois   ∞          Reflect  .   (no helmet)
rElec   .          Harm     .   (no cloak)
rCorr   .          Rampage  .   (no gloves)
Will    .....      NoTele   +   (boots unavailable)
Stlth   ++........              (no amulet)
HPRegen 0.08/turn               (no ring)
MPRegen 0.00/turn               (no ring)

@: swift, flying, hasted, very quick
A: sickness immunity, fire resistance 2, cold vulnerability 1, float, innate
caster, hp casting, extra vitality 1
a: no special abilities


You were in the Dungeon.
You visited 1 branch

Inventory:

Hand Weapons
 g - a +1 dagger of draining (weapon)
Armour
 a - a +0 robe (worn)
Scrolls
 f - a scroll of blinking
Potions
 b - a potion of curing


   Skills:
 + Level 0.3 Short Blades
 + Level 3.2 Dodging
 + Level 2.2 Stealth
 + Level 4.9 Spellcasting


You couldn't memorise any spells.
You knew the following spells:

 Your Spells              Type           Power      Damage    Failure   Level
a - Shock                 Conj/Air       76%        1d7       1%          1
b - Static Discharge      Conj/Air       19%        N/A       3%          2
c - Swiftness             Air            19%        N/A       6%          3
d - Airstrike             Air            9%         N/A       21%         4
e - Freeze                Ice            76%        1d9       1%          1
Your spell library was empty.

Dungeon Overview and Level Annotations

Branches:
Dungeon (1/1)

Altars:


Innate Abilities, Weirdness & Mutations

You are immune to sickness and miasma.
You are immune to poison.
Your flesh is very heat resistant. (rF++)
You are vulnerable to cold. (rC-)
You float through the air rather than walking.
You learn spells naturally, not from books.
Your magical power is your life essence.
You have superior vitality. (+4 HP)


Message History

Something barely misses you.
Unknown command.
Casting: Shock (safe; 1% risk of failure)
Confirm with . or Enter, or press ? or * to list all spells.
Aiming: Freeze (safe; 1% risk of failure)
Press: ? - help, Shift-Dir - straight line, p - scorpion You freeze something!
Something hits you. Something shocks you.
Casting: Freeze (safe; 1% risk of failure)
Confirm with . or Enter, or press ? or * to list all spells.
Aiming: Freeze (safe; 1% risk of failure)
Press: ? - help, Shift-Dir - straight line You freeze something!
Something hits you. Something shocks you.
* * * LOW HITPOINT WARNING * * *
You feel much better. Something hits you. Something shocks you.
Casting: Freeze (safe; 1% risk of failure)
Confirm with . or Enter, or press ? or * to list all spells.
The spell is quite dangerous to cast (6% risk of failure)!
Continue anyway?
You feel quick. Something barely misses you.
Casting: Swiftness (quite dangerous; 6% risk of failure)
Confirm with . or Enter, or press ? or * to list all spells.
Aiming: Freeze (safe; 1% risk of failure)
Press: ? - help, Shift-Dir - straight line You freeze something.
Something barely misses you.
Casting: Freeze (safe; 1% risk of failure)
Confirm with . or Enter, or press ? or * to list all spells.
Aiming: Freeze (safe; 1% risk of failure)
Press: ? - help, Shift-Dir - straight line You freeze something.
Something hits you. Something shocks you.
* * * LOW HITPOINT WARNING * * *
Casting: Freeze (safe; 1% risk of failure)
Confirm with . or Enter, or press ? or * to list all spells.
Aiming: Freeze (safe; 1% risk of failure)
Press: ? - help, Shift-Dir - straight line You freeze something.
* * * LOW HITPOINT WARNING * * *
Something hits you but does no damage.
You feel yourself speed up. Something hits you.
* * * LOW HITPOINT WARNING * * *
Something shocks you.
You die...

▓.▓
▓.▓
▓.▓
▓'▓
▓÷▓
▓.▓
▓÷▓
▓.▓
▓@▓
▓{▓
▓s▓
▓.▓
▓.▓
▓.▓
▓.▓
▓+▓


You could see a scorpion.

Vanquished Creatures
  A hound (D)
  2 hobgoblins (D)
  2 bats (D)
  A jackal zombie (D)
  A kobold (D)
  A quokka skeleton (D)
8 creatures vanquished.

Notes
Turn   | Place    | Note
-------+----------+-------------------------------------------
     0 | D        | emperorscorpion the Djinni Air Elementalist began the quest
                  | for the Orb.
     0 | D        | Reached XP level 1. HP: 15/15 MP: 0/0
     6 | D        | Reached skill level 3 in Spellcasting
   141 | D        | Noticed a hound
   141 | D        | Noticed a sky beast
   141 | D        | Noticed a scorpion
   150 | D        | Killed a hound
   151 | D        | Reached skill level 4 in Spellcasting
   151 | D        | Reached XP level 2. HP: 19/21 MP: 0/0
   151 | D        | Reached XP level 3. HP: 22/25 MP: 0/0
   151 | D        | Learned a level 1 spell: Freeze
   270 | D        | Slain by a sky beast

Illustrated notes

Levels and vault maps discovered:
D:        linesprint [early_d, line_temple, items_1, d_10, items_2, lair_1,
          lair_end, items_3, orc_1, orc_end, items_4, d_15, swamp_1, shoals_1,
          snake_1, spider_1, d_20, vaults_1, items_5, swamp_end, shoals_end,
          snake_end, spider_end, vaults_end, d_27, items_6, zot_1, zot_end,
          crypt_end, forest_end, elf_end, slime_end, tomb_end, abyss_end,
          pan_hell_end]

Skill      XL: |  1 |
---------------+----+-----
Spellcasting   | 4 |  4.9
Dodging        | 3 |  3.2
Stealth        | 2 |  2.2
Short Blades   | |  0.3

Action                   || total
-------------------------++-------
Melee: Dagger            ||     8
 Cast: Shock             ||     8
       Freeze            ||     5
       Swiftness         ||     1
  Use: Potion            ||     3
Armor: Robe              ||     3
Dodge: Dodged            ||     8

Table legend: (Time is in decaauts)
 A = Elapsed time spent in this place.
 B = Non-inter-level travel time spent in this place.
 C = Inter-level travel time spent in this place.
 D = Time resting spent in this place.
 E = Time spent auto-exploring this place.
 F = Levels seen in this place.
 G = Mean time per level.
                   A        B        C        D        E       F      G
               +--------+--------+--------+--------+--------+-----+--------+
         Total |    280 |    280 |      0 |    240 |      0 |   1 |  280.0 |
       Dungeon |    280 |    280 |      0 |    240 |      0 |   1 |  280.0 |
               +--------+--------+--------+--------+--------+-----+--------+

Top non-repeatable levels by time:
       D: 280 daAuts
